 Dungeon Sprint DCSS version 0.16-a0-3841-g2612308 (console) character file.

121 Monkaria the Cleaver (level 5, -1/52 HPs)
             Began as a Hill Orc Fighter on Jan 30, 2015.
             Was a Priest of Makhleb.
             Slain by an orc wizard
             ... wielding a +0 dagger
              (3 damage)
             ... in the Dungeon (Sprint VII: "The Pits").
             The game lasted 00:01:24 (190 turns).

Monkaria the Cleaver (Hill Orc Fighter)              Turns: 190, Time: 00:01:25

Health: -1/52      AC:  6    Str: 25    XL:     5   Next: 5%
Magic:  5/5        EV:  7    Int:  8    God:    Makhleb [***...]
Gold:   0          SH:  9    Dex: 10    Spells: 0 memorised, 4 levels left

rFire  . . .     SeeInvis .     a - +0 war axe
rCold  . . .     Clarity  .     b - +0 scale mail
rNeg   . . .     SustAb   .     c - +0 shield
rPois  .         Gourm    .     (no helmet)
rElec  .         Spirit   .     (no cloak)
rCorr  .         Warding  .     (no gloves)
rMut   .         NoTele   +     (no boots)
MR     .....                    (no amulet)
Stlth  ..........               (no ring)
                                (no ring)

@: mighty, very slightly contaminated, hasted, very quick, not resistant to
hostile enchantments, extremely unstealthy
A: no striking features
a: Minor Destruction, Lesser Servant of Makhleb, Renounce Religion


You were in the Dungeon.
You worshipped Makhleb.
Makhleb was most pleased with you.
You were not hungry.

You visited 1 branch

Inventory:

Hand weapons
 a - a +0 war axe (weapon)
Armour
 b - a +0 scale mail (worn)
 c - a +0 shield (worn)
Scrolls
 k - a scroll of blinking
 o - 3 scrolls of remove curse
 p - 5 scrolls of amnesia
 q - a scroll of summoning
 r - 2 scrolls of vulnerability
Potions
 i - 4 potions of magic
 j - 3 potions of berserk rage
 n - 2 potions of invisibility
Comestibles
 d - 8 meat rations
 l - 40 fruits
 m - 7 bread rations


   Skills:
 + Level 7.5 Fighting
 * Level 10.4 Axes
 - Level 3.2 Armour
 - Level 3.2 Shields


You had 4 spell levels left.
You didn't know any spells.

Dungeon Overview and Level Annotations

Branches:
Dungeon (1/1)

Altars:
Ashenzari
Cheibriados
Dithmenos
Elyvilon
Fedhas
Gozag
Kikubaaqudgha
Makhleb
Nemelex Xobeh
Okawaru
Qazlal
Ru
Sif Muna
Trog
Vehumet
Xom
Yredelemnul
Zin
The Shining One
Beogh
Jiyva
Lugonu


Message History

There is an open door, spattered with blood here.
Items here: ))) [[ †††† You slash something!
You hit the gnoll.
The gnoll is lightly wounded.
You block its attack.
Your shield prevents you from hitting something.
You closely miss the gnoll.
The gnoll is lightly wounded.
The gnoll hits you with a halberd!
* * * LOW HITPOINT WARNING * * *
You barely miss something. You hit the gnoll.
The gnoll is heavily wounded.
Something hits you.
* * * LOW HITPOINT WARNING * * *
The gnoll hits you with a halberd.
* * * LOW HITPOINT WARNING * * *
You hit the gnoll.
The gnoll is almost dead.
You miss something. Something hits you.
You die...

#__________#
#.#####'#############
#_#)))'.'..##.........
#_#)))#.#.(##......#..#
#######'#####..........
#........))('...........
#+#####'#####......#..#.
#.#..#.)#..##............
#.#..)..@{.#####'#####++
#.##+####g###.......#
#.#....g...##.......#
#.#........##.......#
#.#####+#####...<...# .
#.......# #.......#
#.......# #########


You could see a gnoll.

Vanquished Creatures
  An orc warrior (D)
  A gnoll (D)
  A giant gecko (D)
  4 orcs (D)
  A ball python (D)
  2 giant cockroaches (D)
  A hobgoblin (D)
  A kobold (D)
12 creatures vanquished.

Vanquished Creatures (others)
  A spriggan berserker (D)
1 creature vanquished.

Grand Total: 13 creatures vanquished

Notes
Turn   | Place    | Note
--------------------------------------------------------------
     0 | D        | Monkaria, the Hill Orc Fighter, began the quest for the Orb.
     0 | D        | Reached XP level 1. HP: 19/19 MP: 1/1
     3 | D        | Killed a spriggan berserker
    19 | D        | Reached skill level 4 in Fighting
    19 | D        | Reached skill level 5 in Axes
    19 | D        | Reached XP level 2. HP: 24/28 MP: 2/2
    95 | D        | Found a sacrificial altar of Ru.
    95 | D        | Found a basalt altar of Yredelemnul.
    95 | D        | Found a glowing golden altar of the Shining One.
    95 | D        | Found a deep blue altar of Sif Muna.
    95 | D        | Found a burning altar of Makhleb.
    95 | D        | Found an ancient bone altar of Kikubaaqudgha.
    95 | D        | Found a glowing silver altar of Zin.
    96 | D        | Found a shadowy altar of Dithmenos.
    96 | D        | Found a bloodstained altar of Trog.
    96 | D        | Found a shattered altar of Ashenzari.
    96 | D        | Found a white marble altar of Elyvilon.
    96 | D        | Found a snail-covered altar of Cheibriados.
    96 | D        | Found a blossoming altar of Fedhas.
    96 | D        | Found a radiant altar of Vehumet.
    96 | D        | Found a shimmering altar of Xom.
    96 | D        | Found a sparkling altar of Nemelex Xobeh.
    96 | D        | Found a corrupted altar of Lugonu.
    96 | D        | Found a viscous altar of Jiyva.
    96 | D        | Found a roughly hewn altar of Beogh.
    96 | D        | Found an iron altar of Okawaru.
   100 | D        | Became a worshipper of Makhleb the Destroyer
   112 | D        | Found a stormy altar of Qazlal.
   112 | D        | Found an opulent altar of Gozag.
   140 | D        | Acquired Makhleb's first power
   140 | D        | Reached skill level 6 in Axes
   146 | D        | Noticed an orc warrior
   146 | D        | Noticed an orc wizard
   161 | D        | Killed an orc warrior
   161 | D        | Reached skill level 7 in Fighting
   161 | D        | Reached skill level 10 in Axes
   161 | D        | Reached XP level 3. HP: 2/39 MP: 3/3
   161 | D        | Reached XP level 4. HP: 2/47 MP: 4/4
   170 | D        | Acquired Makhleb's second power
   170 | D        | Reached XP level 5. HP: 13/52 MP: 5/5
   178 | D        | Acquired Makhleb's third power
   189 | D        | HP: 2/52 [gnoll/halberd (2)]
   190 | D        | Slain by an orc wizard

Action                   |  1- 3 |  4- 6 || total
-------------------------+-------+-------++-------
Melee: War axe           |    20 |    18 ||    38
  Use: Potion            |     3 |     1 ||     4
